 Dungeon Crawl Stone Soup version 0.31-a0-246-g8cbcc1cb85 (webtiles) character file.

Game seed: 8883452802414869031

55069 freelancePsychic the Fighter (level 14, -3/145 HPs)
             Began as a Merfolk Shapeshifter on July 12, 2023.
             Was the Champion of Cheibriados.
             Slain by a death yak (10 damage)
             ... while petrified by a catoblepas
             ... on level 5 of the Lair of Beasts.
             The game lasted 00:26:05 (17071 turns).

freelancePsychic the Fighter (MfSh)                Turns: 17071, Time: 00:26:06

Health: -3/145     AC: 14    Str: 36    XL:     14   Next: 75%
Magic:  20/20      EV:  1    Int: 22    God:    Cheibriados [******]
Gold:   334        SH:  0    Dex: 40    Spells: 13/13 levels left

rFire   . .          .
                       - Unarmed
rCold   . . .        l - melded +1 buckler {AC+3}
rNeg    + + +        o - melded +0 swamp dragon scales
rPois   ∞            (helmet currently unavailable)
rElec   .            (cloak currently unavailable)
rCorr   .            (gloves currently unavailable)
SInv    .            (boots currently unavailable)
Will    ++...        n - amulet of reflection
Stlth   +++          p - +4 ring of protection
HPRegen 0.44/turn    H - ring "Astoic" {rPois Dex+6}
MPRegen 0.17/turn

%: reflection
@: snake-form, petrified, very slow
A: constrict, boosted hp, large, (nimble swimmer 2), (mertail), strong-willed 1,
subdued magic 1
a: Renounce Religion, Bend Time, Temporal Distortion, Slouch, Step From Time


You were on level 5 of the Lair of Beasts.
You worshipped Cheibriados.
Cheibriados was exalted by your worship.
You were an enormous anaconda.
You visited 3 branches of the dungeon, and saw 17 of its levels.

You collected 985 gold pieces.
You spent 651 gold pieces at shops.

Inventory:

Hand Weapons
 m - the +8 war axe of Valour {heavy, MP+9 Str+2 Dex+3}
   (You found it on level 2 of the Dungeon)

   Str:       It affects your strength (+2).
   Dex:       It affects your dexterity (+3).
   MP:        It affects your magic capacity (+9).
Missiles
 x - 6 curare-tipped darts
 D - 4 throwing nets
Armour
 a - a +0 animal skin
 j - a +0 scale mail
 l - a +1 buckler of protection (melded)
 o - +0 swamp dragon scales (melded)
Jewellery
 n - an amulet of reflection (around neck)
 p - a +4 ring of protection (left hand)
 H - the ring "Astoic" (right hand) {rPois Dex+6}
   (You bought it in a shop on level 3 of the Dungeon)

   [ring of dexterity]

   Dex:       It affects your dexterity (+6).
   rPois:     It protects you from poison.
 J - an amulet of guardian spirit
Talismans
 c - a beast talisman
 E - a serpent talisman
Wands
 h - a wand of mindburst (23)
 C - a wand of light (2)
 I - a wand of flame (9)
Scrolls
 d - 2 scrolls of enchant weapon
 r - 2 scrolls of identify {@r1}
 t - 2 scrolls of fog
 w - a scroll of poison
 y - 2 scrolls of teleportation {@r4}
 z - a scroll of blinking
 A - a scroll of brand weapon
 G - 3 scrolls of enchant armour
 K - a scroll of revelation {unknown}
Potions
 b - 4 potions of heal wounds {@q2}
 e - 2 potions of mutation
 f - 8 potions of curing {@q1}
 g - a potion of invisibility
 i - a potion of cancellation
 k - 6 potions of brilliance
 q - a potion of enlightenment
 s - a potion of lignification
 u - a potion of might
Miscellaneous
 v - a phial of floods
 B - a condenser vane
 F - a phantom mirror


   Skills:
 + Level 14.7 Fighting
 + Level 14.5 Dodging
 - Level 4.0 Shields
 + Level 14.6 Unarmed Combat
 - Level 8.0 Invocations
 - Level 3.0 Evocations
 - Level 12.0 Shapeshifting


You had 13 spell levels left.
You didn't know any spells.
Your spell library contained the following spells:

 Spells                   Type           Power      Damage    Failure   Level
 Magic Dart               Conj           0%         1d3       75%         1
 Poisonous Vapours        Pois/Air       0%         N/A       83%         2
 Mephitic Cloud           Conj/Pois/Air  0%         N/A       93%         3
 Stone Arrow              Conj/Erth      0%         3d7       93%         3
 Tukima's Dance           Hex            0%         N/A       93%         3
 Anguish                  Hex/Necr       0%         N/A       99%         4
 Animate Armour           Summ/Erth      0%         N/A       99%         4
 Cause Fear               Hex            0%         N/A       99%         4
 Passage of Golubria      Tloc           0%         N/A       99%         4
 Summon Lightning Spire   Summ/Air       0%         N/A       99%         4
 Freezing Cloud           Conj/Ice/Air   0%         6-21      100%        5
 Lee's Rapid Deconstruct  Erth           0%         3d4*      100%        5
 Yara's Violent Unravell  Hex/Tmut       0%         3d3       100%        5
 Enfeeble                 Hex            0%         N/A       100%        7
 Lehudib's Crystal Spear  Conj/Erth      0%         10d2      100%        8


Dungeon Overview and Level Annotations

Branches:
Dungeon (11/15)            Temple (1/1) D:5            Lair (5/5) D:11
  Swamp (0/4) Lair:2        Snake (0/4) Lair:2        Slime (0/5) Lair:5
    Orc: D:9-12

Altars:
Ashenzari
Cheibriados
Dithmenos
Elyvilon
Fedhas
Gozag
Hepliaklqana
Kikubaaqudgha
Makhleb
Nemelex Xobeh
Okawaru
Qazlal
Sif Muna
Trog
Uskayaw
Vehumet
Xom
Yredelemnul
Zin
The Shining One
Jiyva

Shops:
D:2 ?   D:3 =(   D:7 :   D:9 *


Innate Abilities, Weirdness & Mutations

You are an enormous anaconda.
You have a powerful constriction melee attack.
Your maximum health is increased.
You are immune to poison.
Your spellcasting is less reliable in this form.
Your armour is entirely melded.
You are incapable of wielding weapons or throwing items.
((You are very nimble when in or above water. (Stealth+, EV+, Speed+++)))
((Your lower body shifts to a powerful aquatic tail in water.))
You are strong-willed. (Will+)
Your spells are a little easier to cast, but a little less powerful.


Message History

The death yak is engulfed in calcifying dust.
The death yak is moving more slowly.
The death yak gores you!! The death yak gores you!
The yak is engulfed in poison gas.
The yak looks even sicker.
The catoblepas is engulfed in poison gas.
The catoblepas looks even sicker.
The death yak bellows!
The death yak looks more healthy.
The death yak gores you!
The yak snorts and paws the ground.
The death yak gores you! The death yak gores you!!
* * * LOW HITPOINT WARNING * * *
The yak is engulfed in poison gas.
The yak looks even sicker.
The catoblepas breathes a plume of calcifying dust at you.
The blast of calcifying dust hits the death yak.
The blast of calcifying dust hits you but does no damage.
The blast of calcifying dust hits the plant.
The plant begins to die.
You are engulfed in calcifying dust.
The plant is engulfed in calcifying dust.
The death yak gores you!!
* * * LOW HITPOINT WARNING * * *
The death yak is engulfed in poison gas.
The death yak is poisoned.
The death yak gores you.
* * * LOW HITPOINT WARNING * * *
The death yak is engulfed in calcifying dust.
The death yak is moving more slowly.
The death yak gores you!
* * * LOW HITPOINT WARNING * * *
The yak gores you but does no damage.
The catoblepas breathes a plume of calcifying dust at you.
The blast of calcifying dust hits the death yak but does no damage.
The blast of calcifying dust hits you.
* * * LOW HITPOINT WARNING * * *
The blast of calcifying dust hits the plant!
You are engulfed in calcifying dust.
The plant is engulfed in calcifying dust.
The death yak gores you!!
* * * LOW HITPOINT WARNING * * *
The yak is engulfed in poison gas.
The yak is poisoned.
The death yak gores you!!
You die...

.. .## .##. .○# ....
#.. #... ##°○ ##..#
#☼..## #..# ###
##YYY###.# ###.##
#YYYSYY°○####....##
#
#°.###○°°○○##......#
# #. ###P§.#......##
# ##°§☼○.##..# #
###.###...# #
#######...#####
#..###...## #..
#......## ##..
###......###...


You could see 4 death yaks, a catoblepas (very poisoned) and 3 yaks.

Vanquished Creatures
  Harold (D:10)
  5 hydras
  2 catoblepae
  2 boulder beetles
  3 two-headed ogres (D:9)
  7 death yaks
  2 tengu warriors (D:10)
  A skeletal warrior (D:10)
  A deep elf zephyrmancer (D:10)
  An orc knight (D:10)
  A deep elf pyromancer (D:10)
  Pikel (D:9)
  2 orc sorcerers (D:10)
  A manticore (D:11)
  12 elephants
  4 black mambas
  11 cane toads
  Maggie (D:8)
  2 rime drakes
  An unseen horror (D:7)
  3 burning bushes (Lair:2)
  4 komodo dragons
  A meliai (D:10)
  5 polar bears
  3 trolls
  A hornet (D:8)
  27 blink frogs
  3 shadows
  2 vampires
  8 wyverns
  7 basilisks
  A wraith (D:10)
  47 yaks
  2 steam dragons (Lair:4)
  12 vampire mosquitoes
  A naga (Lair:2)
  2 acid dragons
  16 water moccasins
  3 orc warriors
  8 black bears
  5 ogres
  4 centaurs
  20 wolves
  2 lemures (D:9)
  4 kobold brigands
  15 bullfrogs
  4 gnoll sergeants
  2 scorpions
  7 wights (D:8)
  7 killer bees
  5 electric eels
  4 howler monkeys
  4 hounds
  4 orc priests
  A gnoll bouda (D:7)
  10 jellies
  2 sleepcaps
  2 iguanas
  Ijyb (D:4)
  8 orc wizards
  17 gnolls
  2 adders
  A white imp (D:6)
  An ufetubus (D:7)
  3 worms
  2 dart slugs
  30 orcs
  16 ball pythons
  6 bats
  8 endoplasms
  4 giant cockroaches
  9 goblins
  3 hobgoblins
  12 jackals
  6 quokkas
  5 frilled lizards
  26 kobolds
  A spectral hobgoblin (D:4)
480 creatures vanquished.

Vanquished Creatures (others)
  A gnoll (D:10)
1 creature vanquished.

Grand Total: 481 creatures vanquished

Notes
Turn   | Place    | Note
-------+----------+-------------------------------------------
     0 | D:1      | freelancePsychic the Merfolk Shapeshifter began the quest
                  | for the Orb.
     0 | D:1      | Reached XP level 1. HP: 16/16 MP: 1/1
    39 | D:1      | Reached XP level 2. HP: 6/22 MP: 2/2
   542 | D:1      | Reached XP level 3. HP: 28/28 MP: 3/3
  1111 | D:2      | Found Veityape's Magic Scroll Shoppe.
  1604 | D:2      | Reached XP level 4. HP: 34/34 MP: 4/4
  1647 | D:2      | Identified the +8 war axe of Valour {heavy, MP+9 Str+2
                  | Dex+3}
  1750 | D:2      | Bought a scroll of identify for 24 gold pieces
  1884 | D:2      | HP: 1/34 [orc/+0 trident (6)]
  2023 | D:2      | Reached XP level 5. HP: 40/40 MP: 5/5
  2060 | D:3      | Found Guet Fin's Jewellery Shop.
  2071 | D:3      | Found a basalt altar of Yredelemnul.
  2403 | D:3      | You fall into a shaft and drop 3 floors!
  2471 | D:7      | Noticed a kobold brigand
  2494 | D:7      | Killed a kobold brigand
  2495 | D:7      | Reached skill level 5 in Dodging
  2495 | D:7      | Reached XP level 6. HP: 41/47 MP: 6/6
  2533 | D:7      | Found Qiegeuch's Book Shoppe.
  2552 | D:7      | Noticed an orc warrior
  3079 | D:5      | Entered Level 5 of the Dungeon
  3240 | D:5      | Reached skill level 5 in Shapeshifting
  3240 | D:5      | Reached XP level 7. HP: 49/52 MP: 7/7
  3315 | D:5      | Reached skill level 5 in Unarmed Combat
  3344 | D:5      | Noticed a vampire mosquito
  3344 | D:5      | Noticed a vampire mosquito
  3344 | D:5      | Noticed a vampire mosquito
  3345 | D:5      | Gained mutation: Your spells are a little easier to cast,
                  | but a little less powerful. [potion of mutation]
  3345 | D:5      | Gained mutation: You are strong-willed. (Will+) [potion of
                  | mutation]
  3352 | D:5      | Killed a vampire mosquito
  3352 | D:5      | Killed a vampire mosquito
  3366 | D:5      | Killed a vampire mosquito
  3367 | D:5      | Reached XP level 8. HP: 34/60 MP: 8/8
  3468 | D:5      | Found a white marble altar of Elyvilon.
  4121 | D:5      | Found a staircase to the Ecumenical Temple.
  4136 | Temple   | Entered the Ecumenical Temple
  4294 | Temple   | Became a worshipper of Cheibriados the Contemplative
  4692 | D:4      | Noticed Ijyb
  4703 | D:4      | Killed Ijyb
  4810 | D:4      | Found a shimmering altar of Xom.
  4839 | D:4      | Reached skill level 5 in Fighting
  4849 | D:4      | Reached * piety under Cheibriados
  5268 | D:4      | Found a hazy altar of Hepliaklqana.
  5446 | D:3      | Found Zuel's Weapon Boutique.
  5794 | D:6      | Reached XP level 9. HP: 68/68 MP: 9/9
  6096 | D:8      | Reached ** piety under Cheibriados
  6279 | D:8      | Noticed Maggie
  6290 | D:8      | Killed Maggie
  6651 | D:8      | Found a hide-covered altar of Uskayaw.
  6830 | D:8      | Noticed a hornet
  6836 | D:8      | Killed a hornet
  6973 | D:7      | Found a bloodstained altar of Trog.
  6990 | D:7      | Reached XP level 10. HP: 77/77 MP: 10/10
  6999 | D:7      | Found a sparkling altar of Nemelex Xobeh.
  7003 | D:7      | Reached skill level 10 in Dodging
  7021 | D:7      | Killed an unseen horror
  7144 | D:7      | Reached *** piety under Cheibriados
  7413 | D:7      | Reached skill level 10 in Unarmed Combat
  7782 | D:9      | Noticed a two-headed ogre
  7789 | D:9      | Killed a two-headed ogre
  7790 | D:9      | Reached skill level 1 in Evocations
  8003 | D:9      | Reached **** piety under Cheibriados
  8050 | D:9      | Noticed a two-headed ogre
  8057 | D:9      | Killed a two-headed ogre
  8258 | D:9      | Found Muclaacs's Assorted Antiques.
  8268 | D:9      | Bought a long fluorescent wand for 108 gold pieces
  8282 | D:9      | Found a stormy altar of Qazlal.
  8404 | D:9      | Noticed a two-headed ogre
  8415 | D:9      | Killed a two-headed ogre
  8416 | D:9      | Reached XP level 11. HP: 66/87 MP: 11/11
  8653 | D:9      | Noticed Pikel
  8658 | D:9      | Killed Pikel
  8860 | D:10     | Entered Level 10 of the Dungeon
  8866 | D:10     | Noticed a tengu warrior
  8883 | D:10     | Killed a tengu warrior
  8989 | D:10     | Noticed a tengu warrior
  8996 | D:10     | Killed a tengu warrior
  9116 | D:10     | Noticed a deep elf zephyrmancer
  9116 | D:10     | Noticed an orc sorcerer
  9117 | D:10     | Noticed an orc sorcerer
  9123 | D:10     | Killed an orc sorcerer
  9124 | D:10     | Reached skill level 10 in Fighting
  9124 | D:10     | Reached skill level 10 in Shapeshifting
  9125 | D:10     | Killed a deep elf zephyrmancer
  9128 | D:10     | Killed an orc sorcerer
  9150 | D:10     | Noticed a four-headed hydra
  9160 | D:10     | Killed a four-headed hydra
  9187 | D:10     | Noticed a skeletal warrior
  9200 | D:10     | Killed a skeletal warrior
  9201 | D:10     | Reached skill level 1 in Invocations
  9405 | D:10     | Noticed Harold
  9418 | D:10     | Killed Harold
  9422 | D:10     | Reached XP level 12. HP: 68/100 MP: 14/14
  9454 | D:10     | Noticed a boulder beetle
  9839 | D:10     | Found a radiant altar of Vehumet.
  9842 | D:10     | Got Vehumet's Volume of Blasting
  9844 | D:10     | Found an ancient bone altar of Kikubaaqudgha.
  9845 | D:10     | Found a shimmering blue altar of Sif Muna.
  9933 | D:10     | Found a glowing silver altar of Zin.
  9958 | D:10     | Reached ***** piety under Cheibriados
 10698 | D:11     | Reached skill level 5 in Invocations
 11070 | D:11     | Found a staircase to the Lair.
 11634 | D:3      | Bought the ring "Astoic" {rPois Dex+6} for 519 gold pieces
 11882 | Lair:1   | Entered Level 1 of the Lair of Beasts
 11930 | D:11     | Reached skill level 1 in Shields
 12371 | Lair:1   | Noticed a death yak
 12371 | Lair:1   | Noticed a death yak
 12372 | Lair:1   | Noticed a death yak
 12375 | Lair:1   | Noticed a death yak
 12382 | Lair:1   | Killed a death yak
 12391 | Lair:1   | Reached XP level 13. HP: 34/108 MP: 2/18
 13833 | Lair:2   | Found a staircase to the Swamp.
 14223 | Lair:2   | Found a staircase to the Snake Pit.
 14344 | Lair:2   | Reached ****** piety under Cheibriados
 14840 | Lair:3   | Reached XP level 14. HP: 118/118 MP: 20/20
 16518 | Lair:5   | Entered Level 5 of the Lair of Beasts
 16754 | Lair:5   | Found a staircase to the Slime Pits.
 16754 | Lair:5   | Found a viscous altar of Jiyva.
 17071 | Lair:5   | HP: 7/145 [death yak (11)]
 17071 | Lair:5   | Slain by a death yak

Illustrated notes

Levels and vault maps discovered:
D:1:      dpeg_arrival_round_c, layout_basic
D:2:      layout_rooms, serial_shops, shop, minmay_pentomino_x2
D:3:      layout_rooms, yredelemnul_altar_generic, serial_shops,
          nicolae_shop_bloodbath_and_beyond, shop
D:4:      layout_loops_ring, nicolae_hepliaklqana_monster_ancestors,
          dk_xom_monty_hall, uniq_ijyb
D:5:      layout_basic, elyvilon_altar_3, gammafunk_temple_overflow_statue,
          minmay_temple_entry_drinking_statues
D:6:      layout_basic
D:7:      layout_basic, bloody_trog, mainiacjoe_overflow_chevrons, serial_shops,
          nicolae_shop_tiny_statue_garden, serial_bayou_pond_b, hellmonk_no_cap
D:8:      layout_loops_ring, mainiacjoe_overflow_small_starburst,
          skrybe_limestone_x, uniq_maggie
D:9:      layout_irregular_city, grunt_qazlal_sundering, serial_shops, shop,
          minmay_misc_feat_ornament, nrook_uturn, uniq_pikel
D:10:     minmay_the_grid_net [minmay_the_grid_armoury,
          minmay_the_grid_tri_star, minmay_the_grid_tree,
          minmay_the_grid_expand, minmay_the_grid_holed_spiral,
          minmay_the_grid_prize_inner_circle], layout_cave_pools,
          grunt_temple_overflow_magic_moments,
          mainiacjoe_overflow_concentric_impassable, minivault_14,
          serial_park_tiny_pond, serial_bayou_pond_c, uniq_harold
D:11:     layout_irregular_city, lair_entry_dummy
Temple:   nicolae_temple_bog_church
Lair:1:   beast_lair_carwin_large_1, layout_cellular_growth, grunt_megastairs_3
Lair:2:   layout_hall_layers, minmay_swamp_entry_swarm,
          guppyfry_snake_entry_island, evilmike_ambush
          [evilmike_ambush_outer_corners, evilmike_ambush_inner_basic],
          grunt_megastairs_2, serial_bayou_shore_b, lemuel_fruit_tree
Lair:3:   layout_hall_layers, columned_hall_lemuel, amcnicky_mini_pool_medium
Lair:4:   layout_cave_pods, grunt_megastairs_5
Lair:5:   evilmike_catoblepas_cave, layout_small_grid,
          nicolae_slime_entry_slimehenge

Skill      XL: |  1  2  3  4  5  6  7  8  9 10 11 12 13 14 |
---------------+-------------------------------------------+-----
Dodging        | 3 4 5 7 8 9 11 12 13 14 | 14.5
Unarmed Combat | 3 4 5 7 9 11 12 13 14 | 14.6
Fighting       | 3 4 5 6 8 11 12 13 14 | 14.7
Shapeshifting  | 5 6 7 8 10 12 | 12.0
Evocations     | 3 |  3.0
Invocations    | 3 7 8 |  8.0
Shields        | 3 4 |  4.0

Action                     |  1- 3 |  4- 6 |  7- 9 | 10-12 | 13-15 || total
---------------------------+-------+-------+-------+-------+-------++-------
  Melee: Unarmed           |   122 |   140 |   219 |   396 |   400 ||  1277
         Punch             |     1 |     7 |    10 |    26 |       ||    44
         Constrict         |       |       |       |       |    59 ||    59
 Invoke: Slouch            |       |       |       |     3 |       ||     3
         Bend Time         |       |       |       |     2 |       ||     2
  Evoke: Wand              |       |       |     2 |    21 |       ||    23
    Use: Scroll            |     1 |     3 |     8 |     7 |     4 ||    23
         Potion            |       |     2 |     3 |     2 |     1 ||     8
   Stab: Sleeping          |     1 |       |       |       |    12 ||    13
         Distracted        |       |       |       |       |     1 ||     1
 Armour: Animal skin       |     2 |       |       |       |       ||     2
         Leather armour    |     6 |       |       |       |       ||     6
         Scale mail        |    18 |    36 |    26 |       |       ||    80
         Swamp dragon scal |       |       |     4 |   110 |    41 ||   155
         Skin              |       |       |       |       |    52 ||    52
  Dodge: Dodged            |    66 |    50 |   109 |   455 |   486 ||  1166
  Block: Other             |       |    20 |    47 |    82 |    59 ||   208
         Reflection        |       |     1 |     1 |     3 |     5 ||    10
         Buckler           |       |       |       |   111 |   154 ||   265
   Form: Anaconda          |       |       |       |       |     1 ||     1

Table legend: (Time is in decaauts)
 A = Elapsed time spent in this place.
 B = Non-inter-level travel time spent in this place.
 C = Inter-level travel time spent in this place.
 D = Time resting spent in this place.
 E = Time spent auto-exploring this place.
 F = Levels seen in this place.
 G = Mean time per level.
                   A        B        C        D        E       F      G
               +--------+--------+--------+--------+--------+-----+--------+
         Total |  22835 |  20929 |   1906 |    624 |  17028 |  17 | 1343.2 |
       Dungeon |  14640 |  13043 |   1597 |    363 |  10591 |  11 | 1330.9 |
        Temple |    164 |    114 |     50 |      0 |    106 |   1 |  164.0 |
          Lair |   8030 |   7773 |    257 |    261 |   6330 |   5 | 1606.0 |
               +--------+--------+--------+--------+--------+-----+--------+

Top non-repeatable levels by time:
  Lair:1: 2490 daAuts
    D:10: 2078 daAuts
  Lair:4: 1766 daAuts
     D:9: 1722 daAuts
    D:11: 1680 daAuts
  Lair:2: 1516 daAuts
     D:6: 1432 daAuts
     D:4: 1425 daAuts
  Lair:3: 1289 daAuts
     D:5: 1237 daAuts
     D:8: 1227 daAuts
     D:7: 1223 daAuts
     D:1: 1083 daAuts
  Lair:5: 967 daAuts
     D:2: 915 daAuts
